Map: Terraform LE (Void)

Players

Obfuscate

  • Race: Protoss Protoss
  • League: Grandmaster

wabbajack - Winner!

  • Race: Zerg Zerg
  • League: Bronze

VOD

Have the link to the VOD?

Description

Time

  • Played on: July 16, 2015, 5:47 p.m.
  • Length: 5:07
Show
View Real Time Build Order
Export as new Build Order

Obfuscate Protoss 

Build Orders:  

Get SALT Encoding   

  12  0:00  Probe  
  13  0:15  Pylon  
  13  0:17  Probe  
  14  0:33  Probe (Chrono Boost)  
  14  0:35  Gateway  
  16  0:44  Probe (Chrono Boost)  
  16  0:47  Assimilator  
  16  0:52  Probe  
  16  0:56  Assimilator  
  17  1:01  Pylon  
  17  1:05  Probe (Chrono Boost)  
  18  1:15  Probe (Chrono Boost)  
  19  1:22  Probe  
  20  1:25  Cybernetics Core  
  20  1:34  Probe (Chrono Boost)  
  21  1:46  Probe (Chrono Boost)  
  22  1:52  Pylon  
  22  1:54  Zealot  
  22  1:55  Probe (Chrono Boost)  
  25  2:02  Warp Gate (Chrono Boost)  
  25  2:06  Mothership Core  
  27  2:37  Nexus  
  27  2:38  Probe  
  28  2:45  Pylon  
  28  2:52  Probe  
  28  2:55  Sentry  
  31  3:04  Probe (Chrono Boost)  
  32  3:15  Probe (Chrono Boost)  
  32  3:17  Gateway  
  32  3:19  Gateway  
  33  3:21  Probe (Chrono Boost)  
  34  3:33  Probe (Chrono Boost)  
  34  3:34  Pylon  
  35  3:40  Probe (Chrono Boost)  
  36  3:50  Probe (Chrono Boost)  
  38  3:57  Probe (Chrono Boost)  
  38  3:59  Probe (Chrono Boost)  
  39  4:04  Probe  
  39  4:07  Probe  
  39  4:08  Sentry  
  43  4:16  Probe, Assimilator  
  44  4:19  Assimilator  
  44  4:20  Pylon  
  44  4:21  Probe (Chrono Boost)  
  45  4:25  Forge  
  45  4:28  Probe (Chrono Boost)  
  45  4:30  Pylon  
  46  4:35  Sentry x2  
  46  4:37  Zealot  
  53  4:38  Probe (Chrono Boost)  
  47  4:46  Probe (Chrono Boost)  
  40  4:55  Probe (Chrono Boost)  
Show
View Real Time Build Order
Export as new Build Order

wabbajack Zerg - Winner!

Build Orders: Hatch First 

Get SALT Encoding   

  12  0:01  Drone  
  13  0:18  Overlord  
  13  0:23  Drone  
  13  0:27  Extractor  
  13  0:28  Drone, Extractor  
  14  0:31  Drone  
  16  0:40  Drone  
  17  0:57  Hatchery  
  17  1:00  Drone  
  17  1:03  Drone, Extractor  
  17  1:12  Drone  
  18  1:24  Spawning Pool  
  17  1:35  Drone x2  
  19  1:46  Drone  
  20  1:55  Overlord  
  20  2:11  Queen  
  20  2:12  Metabolic Boost  
  20  2:14  Queen  
  24  2:18  Drone x2  
  24  2:20  Drone  
  27  2:23  Drone  
  28  2:33  Baneling Nest  
  27  2:42  Zergling x4  
  27  2:44  Zergling x2  
  30  3:02  Pneumatized Carapace  
  30  3:23  Zergling x6  
  33  3:36  Extractor  
  33  3:38  Overlord x2  
  32  3:49  Baneling x2  
  32  4:03  Baneling x2  
  32  4:07  Hatchery  
  31  4:40  Drone x9  
  31  4:41  Drone  
  31  4:42  Overlord x3  
  40  4:49  Overlord x2  
Tags
 
Add a new tag
Caveats
  • Supply blocks, unpowered buildings, or Contaminate may cause inaccurate times.
  • Supply counts are checked every 10 seconds.